[Event "Late-Titled-Tuesday-Blitz-November-28-2023"]
[Site "Chess.com"]
[Date "2023.11.28"]
[Round "1"]
[White "FontVella8"]
[Black "drdaro"]
[Result "1-0"]
[WhiteElo "2565"]
[BlackElo "2228"]
[TimeControl "180+1"]
[EndTime "14:08:24 PST"]
[Termination "FontVella8 won by resignation"]

1. e4 Nc6 2. Nf3 d6 3. Nc3 Bg4 4. Be2 g6 5. h3 Bxf3 6. Bxf3 Bg7 7. O-O e5 8. Re1 Nge7 9. g3 O-O 10. Bg2 f5 11.
exf5 gxf5 12. d3 Qe8 13. f4 Qg6 14. Kh2 Rae8 15. Nd5 Nxd5 16. Bxd5+ Kh8 17. c3 exf4 18. Bxf4 Be5 19. Qf3 Bxf4 20. Qxf4 Ne5 21. Re3 c6 22. Bg2 Qh5 23. Kg1 Ng6 24. Qd4+ Kg8 25. Rae1 Rxe3 26. Qxe3 f4 27. Qe6+ Kh8 28. Rf1 f3 29. Qxd6 Rf7 30. g4 Qh6 31. Qd4+ Kg8 32. Rxf3 Rxf3 33. Bxf3 Qxh3 34. Qd8+ Kg7 35. Qc7+ Kh6 36. Kf2 Nh4 37.
Qf4+ Kg7 38. Qe5+ Kg8 39. Qg5+ Kf8 40. Qf6+ Ke8 41. Qh8+ Kd7 42. Qxh7+ Kc8 43. Qh8+ Kc7 44. Qe5+ Kc8 45. Qg3 Qxg3+ 46. Kxg3 Ng6 47. Be4 Nf8 48. g5 Kd7 49. Kf4 Ke6 50. Bf5+ Kd5 51. g6 Nd7 52. g7 Nf6 53. Kg5 Ng8 54. Bh7 Ne7 55. g8=Q+ Nxg8 56. Bxg8+ Kc5 57. Bb3 a5 58. Kf4 b5 59. Ke5 a4 60. d4+ Kb6 61. Bc2 c5 62. d5 b4 63.
Bxa4 bxc3 64. bxc3 Ka5 65. d6 Kxa4 66. d7 Ka3 67.
d8=Q Kb2 68. Qb6+ Ka1 69. a4 c4 70. a5 Ka2 71. a6 Ka3 72. a7 1-0

[Event "Late-Titled-Tuesday-Blitz-November-28-2023"]
[Site "Chess.com"]
[Date "2023.11.28"]
[Round "1"]
[White "VitaliyChayka"]
[Black "JSPrepz"]
[Result "0-1"]
[WhiteElo "2433"]
[BlackElo "2842"]
[TimeControl "180+1"]
[EndTime "14:08:29 PST"]
[Termination "JSPrepz won by resignation"]

1. d4 g6 2. Bf4 Bg7 3. e3 c5 4. c3 d6 5. h3 cxd4 6. exd4 Nf6 7.
Nf3 O-O 8. Be2 Nc6 9. O-O Nd5 10. Bg3 e5 11. dxe5 dxe5 12. Na3 e4 13. Nd4 Nxd4 14.
cxd4 Qb6 15. Nc4 Qe6 16. Qd2 Rd8 17. Rfd1 Nb6 18. Nxb6 Qxb6 19. d5 Qxb2 20. Qxb2 Bxb2 21. Rab1 Bf6 22. d6 b6 23. Rbc1 Be6 24. Ba6 Bd7 25. Rc7 h5 26. Bb7 Rab8 27. Bxe4 h4 28. Bf4 g5 29. Bh2 a5 30. Rdc1 b5 31. Bc6 Bxc6 32. R1xc6 b4 33. d7 b3 34. axb3 Rxb3 35. g4 Kg7 36.
Rc8 Rxd7 37. Ra8 Bd4 38. Rxa5 f6 39. Rd6 Rxd6 40. Bxd6 Rxh3 41. Kg2 Rd3 42. Rd5 h3+ 43.
Kh2 Be5+ 44. Rxe5 fxe5 45. Bxe5+ Kg6 46. Bg3 Kf6 47. Kxh3 Ke6 48. Kg2 Rd4 49. Kf3 Kd5 50. Ke3 Rxg4 51. Kf3 Re4 52. Bh2 Ra4 53. Bg3 Ke6 54.
Ke3 Kf5 55. Kf3 Ra3+ 56. Kg2 Ke4 57. Bh2 Ra4 58. Bg3 Kf5 59. Bh2 Kg4 60. Bg3 Ra3 61.
Bh2 Rf3 62. Bg3 Rf7 63. Bh2 Kf5 64. Bg3 Ke4 65. Bh2 Kd3 66. Bg3 Ke2 67. Kh3 Kf3 68. Kh2 Re7 69. Kg1 Re1+ 70. Kh2 Rf1 71. Kh3 Rh1+ 72.
Bh2 Kxf2 73. Kg4 Rxh2 0-1

[Event "Late-Titled-Tuesday-Blitz-November-28-2023"]
[Site "Chess.com"]
[Date "2023.11.28"]
[Round "1"]
[White "Thormento16"]
[Black "Zavgorodniy_Sergiy"]
[Result "1-0"]
[WhiteElo "2373"]
[BlackElo "2665"]
[TimeControl "180+1"]
[EndTime "14:08:30 PST"]
[Termination "Thormento16 won by checkmate"]

1. e4 c6 2. d4 d5 3. exd5 cxd5 4. Bd3 Nc6 5. c3 Qc7 6. h3 Nf6 7. Ne2 g6 8. Bf4 Qb6 9. Qb3 Qxb3 10. axb3 Bf5 11. Bxf5 gxf5 12. Nd2 e6 13. O-O Kd7 14. b4 Bd6 15. Nb3 b6 16. Rfe1 Bxf4 17. Nxf4 Ne4 18. Ra6 Kc7 19. Rea1 Kb7 20. f3 Nd6 21. Kf2 Nc4 22.
R6a2 Rhg8 23. Nc1 h6 24. Ncd3 a5 25. bxa5 Rxa5 26. Rxa5 N6xa5 27. g4 fxg4 28. hxg4 Re8 29. Rh1 e5 30. dxe5 Nxe5 31. Rxh6 Nxd3+ 32. Nxd3 Nc4 33. Rf6 Re7 34. b3 Nd2 35. b4 Nb1 36. g5 Nxc3 37.
Kg3 Ka6 38. Kg4 Kb5 39. f4 Kc4 40. Rxf7 Rxf7 41. Ne5+ Kxb4 42. Nxf7 d4 43. Ne5 Nd5 44. g6 Kc5 45. Kf5 Kd6 46. g7 b5 47. Ng6 d3 48.
g8=Q d2 49. Qd8+ Kc5 50. Qc8+ Kd4 51. Qh8+ Kc5 52. Qf8+ Kd4 53. Qg7+ Kc5 54. Qa7+ Kc4 55. Ne5+ Kb4 56. Qd4+ Kb3 57. Qxd2 b4 58. Qxd5+ Ka3 59. Nd3 b3 60. Qxb3+ Kxb3 61. Ke4 Kc4 62. f5 Kb5 63. Ke5 Kc6 64. Ke6 Kc7 65. Ke7 Kc6 66. f6 Kd5 67. f7 Kd4 68. f8=Q Ke3 69. Qf5 Kd4 70. Nc5 Kc4 71. Nb7 Kd4 72. Ke6 Kc4 73. Qd5+ Kc3 74. Nd8 Kb4 75. Ke5 Kc3 76. Qe4 Kb3 77. Qd4 Kc2 78. Qe3 Kb2 79. Qd3 Kc1 80. Qe2 Kb1 81. Kd4 Kc1 82. Kc3 Kb1 83. Qb2# 1-0

[Event "Late-Titled-Tuesday-Blitz-November-28-2023"]
[Site "Chess.com"]
[Date "2023.11.28"]
[Round "1"]
[White "The_Machine04"]
[Black "Felix-Rose"]
[Result "1-0"]
[WhiteElo "2652"]
[BlackElo "2341"]
[TimeControl "180+1"]
[EndTime "14:08:34 PST"]
[Termination "The_Machine04 won by resignation"]

1. d4 d5 2. Nf3 Nf6 3. e3 c5 4. c3 Nc6 5. Nbd2 cxd4 6. exd4 Bg4 7. Bb5 a6 8. Bxc6+ bxc6 9. Qa4 Qc7 10. Ne5 Bd7 11.
Nxd7 Nxd7 12. O-O e6 13. b4 Bd6 14. h3 O-O 15. Nb3 Nb6 16. Qa5 Nc4 17. Qxc7 Bxc7 18.
a4 a5 19. Nd2 Nxd2 20. Bxd2 e5 21. bxa5 exd4 22. cxd4 Bxa5 23. Bxa5 Rxa5 24. Rfc1 Rc8 25. Kf1 Kf8 26. Ra3 Ke7 27. Ke2 Kd7 28. Rb1 Rc7 29.
Kd3 Rca7 30. Rb4 Kd6 31. Kc3 R5a6 32. Kb3 c5 33. dxc5+ Kxc5 34. Ra2 Kd6 35. Rc2 Rc6 36. Rxc6+ Kxc6 37. Rb8 d4 38. Kb4 h5 39. Rd8 Rb7+ 40.
Kc4 Ra7 41. Kb4 Rb7+ 42. Kc4 Ra7 43. Kb3 Kc5 44. Rc8+ Kd5 45. Rd8+ Ke4 46. Kb4 Rb7+ 47. Kc5 Rc7+ 48. Kb6 Rc1 49. a5 Rb1+ 50. Kc5 Rc1+ 51. Kb4 Rb1+ 52. Kc4 Ra1 53. Rxd4+ Ke5 54. Rd5+ Ke6 55.
Rxh5 f5 56. Kb5 Rb1+ 57. Ka6 Rb2 58. Rg5 Kf6 59. f4 g6 60. g3 Rb3 61. h4 Rb4 62. Ka7 Rb1 63. a6 Rb4 64. Ka8 Rb1 65. h5 gxh5 66.
Rxh5 Rb3 67. Rg5 Rb1 68. a7 Rb2 69. Rg8 Kf7 70. Rb8 Ra2 71. Kb7 Rb2+ 72. Kc6 Rc2+ 73.
Kd5 Ra2 74. a8=Q 1-0

[Event "Late-Titled-Tuesday-Blitz-November-28-2023"]
[Site "Chess.com"]
[Date "2023.11.28"]
[Round "1"]
[White "seasidesunset"]
[Black "Statham_l3"]
[Result "0-1"]
[WhiteElo "2207"]
[BlackElo "2555"]
[TimeControl "180+1"]
[EndTime "14:08:38 PST"]
[Termination "Statham_l3 won by checkmate"]

1. c4 e5 2. Nc3 Nf6 3. g3 c6 4. d4 exd4 5. Qxd4 d5 6. Bg2 Be6 7. cxd5 cxd5 8. Bg5 Nc6 9. Qa4 Be7 10. Nf3 O-O 11. Rd1 Rc8 12. O-O Nd7 13. Bxe7 Qxe7 14.
Qf4 Nf6 15. Ng5 Rcd8 16. e4 d4 17. Ne2 Bc4 18. Rfe1 h6 19. Nf3 Bxe2 20. Rxe2 d3 21.
Re3 Rfe8 22. Nd2 g5 23. Qf5 Nd4 24. Qa5 b6 25. Qa4 b5 26. Qa6 Ng4 27. Nf3 Rd6 28. Qa3 Nxe3 29. fxe3 Nxf3+ 30. Bxf3 Rf6 31. Kg2 Qxa3 32. bxa3 Rd8 33. e5 Rf5 34. Be4 Rxe5 35. Bf3 Rxe3 36. Kf2 Re5 37. Bh5 f5 38. Bf3 g4 39.
Bg2 Re2+ 40. Kf1 Rxa2 41. Bc6 a6 42. Bb7 Rxa3 43. Bc6 Ra2 44. h3 Kg7 45. hxg4 fxg4 46. Kg1 Rf8 47. Bg2 Rff2 48. Be4 Rfd2 49. Rf1 Rac2 50. Bd5 b4 51. Rf7+ Kg6 52. Rf1 b3 53. Be4+ Kg7 54. Bd5 b2 55. Rf7+ Kg6 56. Rf1 Rc1 57. Be4+ Kg5 58. Bxd3 Rxf1+ 59. Bxf1 Rd1 60. Kg2 Rxf1 61. Kh2 b1=Q 62. Kg2 Qc2+ 63. Kxf1 a5 64. Ke1 a4 65. Kf1 a3 66. Kg1 a2 67. Kf1 a1=Q# 0-1

[Event "Late-Titled-Tuesday-Blitz-November-28-2023"]
[Site "Chess.com"]
[Date "2023.11.28"]
[Round "1"]
[White "SalihEke"]
[Black "ameetghasi100"]
[Result "1/2-1/2"]
[WhiteElo "2440"]
[BlackElo "2811"]
[TimeControl "180+1"]
[EndTime "14:08:41 PST"]
[Termination "Game drawn - insufficient material"]

1. d4 g6 2. Nf3 Bg7 3. Bf4 d6 4. e3 Nc6 5. Bd3 h6 6. O-O e5 7. dxe5 dxe5 8. Bg3 a6 9. Nc3 Nge7 10. a3 O-O 11.
Bc4 Qe8 12. Nd5 Nxd5 13. Bxd5 Bd7 14. e4 Rd8 15. Qe2 Bg4 16. c3 Kh7 17. h3 Bd7 18. Rfe1 Qe7 19. Bh4 Bf6 20. Bxf6 Qxf6 21. Rad1 Rfe8 22.
Qc4 Kg7 23. Qc5 Bxh3 24. Bxc6 bxc6 25. Rxd8 Rxd8 26. Qxe5 Bg4 27. Qxf6+ Kxf6 28. e5+ Kg7 29. Nd4 c5 30. Nb3 c4 31. Nc5 Rb8 32. Nxa6 Rxb2 33.
Nxc7 Rb3 34. Re4 Bf5 35. Rxc4 Rxa3 36. Ne8+ Kf8 37. Nf6 Be6 38. Rc7 g5 39. c4 Ra1+ 40.
Kh2 Re1 41. Rc5 Kg7 42. f3 Kg6 43. g4 Kg7 44. Kg3 Re2 45. Nh5+ Kg6 46. Nf6 Kg7 47.
Rc7 Rxe5 48. Ne4 Ra5 49. c5 Kg6 50. Rb7 Ra4 51. Rb8 Kg7 52. c6 Rc4 53. Rb6 Bd5 54.
Nd6 Rxc6 55. Rxc6 Bxc6 56. Nf5+ Kh7 57. Ne7 Bd7 58. Nd5 Be6 59. Nf6+ Kg6 60. Ne4 f5 61. gxf5+ Kxf5 62. Nd6+ Ke5 63. Ne4 Bf5 64. Nf2 h5 65.
Nd1 h4+ 66. Kf2 Kf4 67. Ne3 Be6 68. Ng2+ Ke5 69. f4+ Kf5 70. fxg5 h3 71. Kg3 Kxg5 72. Nf4 Bf5 73. Nxh3+ 1/2-1/2

[Event "Late-Titled-Tuesday-Blitz-November-28-2023"]
[Site "Chess.com"]
[Date "2023.11.28"]
[Round "1"]
[White "Likvidator228"]
[Black "serena-maria"]
[Result "1-0"]
[WhiteElo "2576"]
[BlackElo "2238"]
[TimeControl "180+1"]
[EndTime "14:08:42 PST"]
[Termination "Likvidator228 won by checkmate"]

1. c4 Nf6 2. Nc3 g6 3. d4 Bg7 4. e4 d6 5. Nf3 O-O 6. Be2 Nc6 7. d5 Ne5 8. Nxe5 dxe5 9. O-O Nd7 10. f3 f5 11. Be3 f4 12. Bf2 g5 13. c5 Nf6 14. b4 a5 15. a3 h5 16. h3 Kh7 17. b5 Bh6 18. a4 Rg8 19. d6 exd6 20. Nd5 Rg7 21. b6 Nxd5 22. Qxd5 g4 23. bxc7 Qxc7 24. cxd6 Qd8 25. fxg4 hxg4 26. hxg4 Bxg4 27.
Bxg4 Rxg4 28. Qxe5 Rg5 29. Qe7+ Qxe7 30. dxe7 Rag8 31.
Kh1 Re8 32. Kg1 f3 33. g3 Rxe7 34. Rfe1 Rg4 35. Rab1 Bf4 36. Kh2 Bd6 37. Kh3 Reg7 38. e5 Bb8 39. Rb3 Rxa4 40. Rxf3 Re7 41. e6 Rc4 42.
Rf7+ Rxf7 43. exf7 Kg7 44. Re8 Bd6 45. Rd8 Be7 46. Rd7 Kxf7 47. Rxb7 Kf6 48. g4 Bd6 49. Bh4+ Ke6 50. Ra7 Rc3+ 51. Kg2 Ra3 52. Ra6 Kd5 53. Be1 a4 54. Rxd6+ Kxd6 55. Bb4+ Ke5 56. Bxa3 Kf4 57. Kh3 Kg5 58. Kg3 Kg6 59. Kf4 Kf6 60. g5+ Kg6 61.
Kg4 Kg7 62. Kf5 Kf7 63. g6+ Kg7 64. Kg5 Kg8 65. Bb2 Kf8 66. Kh6 Kg8 67. Ba3 Kh8 68.
Kg5 Kg7 69. Kf5 Kg8 70. Kf6 Kh8 71. g7+ Kg8 72. Bb4 Kh7 73. Kf7 Kh6 74. g8=Q a3 75. Bxa3 Kh5 76. Qg3 Kh6 77. Qg6# 1-0

[Event "Late-Titled-Tuesday-Blitz-November-28-2023"]
[Site "Chess.com"]
[Date "2023.11.28"]
[Round "1"]
[White "DraningWaterHi"]
[Black "jup1978"]
[Result "1/2-1/2"]
[WhiteElo "2161"]
[BlackElo "2527"]
[TimeControl "180+1"]
[EndTime "14:08:43 PST"]
[Termination "Game drawn by repetition"]

1. d4 Nf6 2. Bf4 d5 3. e3 c5 4. Nf3 cxd4 5. exd4 Nc6 6. c3 Bg4 7. Nbd2 e6 8. Qb3 Bxf3 9. Nxf3 Qc8 10. Bb5 Be7 11. O-O O-O 12. Bd3 Na5 13. Qc2 h6 14. Ne5 Nc6 15. Rae1 Nxe5 16. Bxe5 Qd8 17. f4 Bd6 18. f5 Qe7 19. fxe6 fxe6 20. Bg6 Bxe5 21. dxe5 Nd7 22. Qe2 Rxf1+ 23. Rxf1 Rf8 24. Bc2 Qc5+ 25. Kh1 Rxf1+ 26. Qxf1 Nxe5 27. h3 Qe3 28. Bb3 Nd3 29.
Bc2 Nf2+ 30. Kh2 a6 31. Bb1 Ne4 32. Bxe4 Qxe4 33. Qf2 e5 34. Qb6 Qf4+ 35. Kh1 Qf1+ 36. Kh2 Qf4+ 37. Kh1 d4 38. Qxb7 Kh7 39. cxd4 exd4 40.
Qxa6 Qc1+ 41. Kh2 Qxb2 42. Qd3+ Kg8 43. a4 Qc3 44. Qe4 Qc5 45. Qe6+ Kh7 46. Qe4+ Kg8 47. Qa8+ Kf7 48. Qb7+ Kg6 49. Qe4+ Kf7 50. a5 Qd6+ 51. Kh1 d3 52. Qf5+ Kg8 53. Qc8+ Kh7 54. Qf5+ Kg8 55.
Qc8+ Kf7 56. Qf5+ Ke7 57. Qe4+ Kd7 58. Qf5+ Kc6 59. Qe4+ Kb5 60. Qf5+ Ka6 61. Qc8+ Kxa5 62. Qa8+ Kb5 63. Qb7+ Kc5 64. Qa7+ Kc4 65. Qa4+ Kd5 66. Qb3+ Ke4 67. Qc4+ Ke3 68. Qc3 Ke2 69. Qxg7 d2 70. Qg4+ Ke1 71. Qe4+ Kd1 72. Qb1+ Ke2 73. Qe4+ Kf2 74.
Qf3+ Ke1 75. Qe4+ Kd1 76. Qb1+ Ke2 77. Qe4+ Kf2 78. Qf3+ Ke1 79. Qe4+ 1/2-1/2

[Event "Late-Titled-Tuesday-Blitz-November-28-2023"]
[Site "Chess.com"]
[Date "2023.11.28"]
[Round "1"]
[White "expii"]
[Black "TimGrutter03"]
[Result "1-0"]
[WhiteElo "2243"]
[BlackElo "2547"]
[TimeControl "180+1"]
[EndTime "14:08:45 PST"]
[Termination "expii won by checkmate"]

1. e4 d6 2. d4 Nf6 3. Nc3 e5 4.
dxe5 dxe5 5. Qxd8+ Kxd8 6. Nf3 Bd6 7. Bg5 h6 8. Bxf6+ gxf6 9. Nd5 Nd7 10. Bc4 c6 11.
Ne3 Ke8 12. Nf5 Bf8 13. Rd1 Nb6 14. Bb3 Bxf5 15. exf5 Bc5 16. O-O Ke7 17. Nd2 Rad8 18. Ne4 Bd6 19. Nxd6 Rxd6 20. Rxd6 Kxd6 21. Bxf7 Kc5 22.
Rd1 Rf8 23. Be6 Nd5 24. c3 a5 25. h3 b5 26. g3 a4 27. a3 Rd8 28. h4 Rd6 29. Kh2 Nc7 30. Rxd6 Kxd6 31. Bf7 Na6 32. c4 b4 33. Kh3 b3 34. Bh5 Nc5 35. Be2 e4 36.
Kg2 Ke5 37. Kf1 Kxf5 38. Ke1 Ke5 39. Kd2 Kd4 40. g4 Ne6 41. f3 e3+ 42. Ke1 Nf4 43.
Kd1 Nd3 44. Bxd3 Kxd3 45. f4 e2+ 46. Ke1 Kc2 47. g5 Kxb2 48. gxf6 Kc2 49. f7 b2 50.
f8=Q b1=Q+ 51. Kxe2 Qd1+ 52. Kf2 Qd4+ 53. Kf3 Qxc4 54.
Qf5+ Kb2 55. Qf6+ Kxa3 56. Qxh6 Qd5+ 57. Kg4 Kb3 58. Qh7 a3 59. Qb1+ Kc3 60. h5 a2 61.
Qa1+ Kb3 62. h6 Qg2+ 63. Kf5 Qb2 64. Qxb2+ Kxb2 65. h7 a1=Q 66. h8=Q+ Ka2 67. Qxa1+ Kxa1 68. Ke5 Kb2 69. Kd6 Kc3 70. f5 Kd4 71. f6 c5 72. f7 c4 73. f8=Q Kd3 74. Qf5+ Kd2 75. Qd5+ Kc3 76. Kc5 Kb3 77. Qxc4+ Ka3 78. Kb5 Kb2 79.
Kb4 Kb1 80. Qe2 Kc1 81. Kb3 Kb1 82. Qb2# 1-0

[Event "Late-Titled-Tuesday-Blitz-November-28-2023"]
[Site "Chess.com"]
[Date "2023.11.28"]
[Round "1"]
[White "DamianoLew95"]
[Black "Schattman"]
[Result "1/2-1/2"]
[WhiteElo "2756"]
[BlackElo "2424"]
[TimeControl "180+1"]
[EndTime "14:08:52 PST"]
[Termination "Game drawn by repetition"]

1. e4 c5 2. Nf3 e6 3. d3 d5 4.
Nbd2 Nf6 5. g3 Nc6 6. Bg2 Be7 7. O-O O-O 8. Re1 b5 9. e5 Nd7 10. Nf1 a5 11. h4 Re8 12. h5 h6 13. N1h2 a4 14.
Ng4 Bf8 15. Bf4 a3 16. bxa3 Rxa3 17. Qc1 Ra4 18. a3 Kh7 19. c3 Ne7 20. d4 Nf5 21. Qb1 Kh8 22. Qxb5 Ra5 23. Qb2 Ba6 24. Ne3 Nxe3 25.
Bxe3 Nb6 26. Bf4 Nc4 27. Qc1 Qd7 28. g4 cxd4 29. cxd4 Rc8 30. g5 Bxa3 31. Qd1 Bb4 32. Rxa5 Bxa5 33. Re2 Rb8 34. Qc1 Qb7 35. gxh6 Qb1 36.
hxg7+ Kxg7 37. h6+ Kg8 38. Kh2 Qxc1 39. Bxc1 Rb1 40.
Bf4 Rb2 41. Rxb2 Nxb2 42. Bg5 Nd3 43. Bf6 Nf4 44. Ng5 Bd3 45. Kg3 Nxg2 46. Kxg2 Bb6 47. f4 Bxd4 48. Kf3 Bf5 49. Ke2 Bb2 50. Kd2 Bd4 51.
Be7 Bb6 52. Bb4 Bf2 53. Ke2 Bh4 54. Be7 Bxg5 55. fxg5 Kh7 56. Ke3 Bg6 57. Kd4 Bf5 58. Kc5 Bg6 59. Bd8 Bh5 60. Bb6 Bg6 61. Kd6 Bh5 62.
Be3 Bg6 63. Ke7 Bh5 64. Kf6 Bg6 65. Bc5 Bh5 66. Bd4 Bg6 67. Ke7 Bh5 68. Kd6 Bg6 69. Kc5 Bh5 70. Kb4 Bg6 71. Kc3 Bf5 72. Kd2 Bg6 73. Ke2 Bf5 74. Kf3 Bg6 75. Kg3 Bf5 76.
Kh4 Bg6 77. Kh3 Be4 78. Kg3 Bg6 79. Kh3 Bf5+ 80. Kg3 Bg6 81. Kh3 1/2-1/2

[Event "Late-Titled-Tuesday-Blitz-November-28-2023"]
[Site "Chess.com"]
[Date "2023.11.28"]
[Round "1"]
[White "rasmussvane"]
[Black "Slovak_fighter2000"]
[Result "1-0"]
[WhiteElo "2971"]
[BlackElo "2475"]
[TimeControl "180+1"]
[EndTime "14:08:54 PST"]
[Termination "rasmussvane won on time"]

1. Nf3 Nf6 2. g3 e6 3. Bg2 d5 4. O-O Be7 5. c4 O-O 6. b3 c5 7. cxd5 Nxd5 8. Nc3 Nxc3 9. dxc3 Nc6 10. Be3 Qc7 11. Qc2 e5 12. Ng5 Bxg5 13. Bxg5 Be6 14. Be3 b6 15. Rfd1 Rad8 16. h3 Ne7 17. Rxd8 Rxd8 18.
Rd1 Rxd1+ 19. Qxd1 Qd7 20. Qxd7 Bxd7 21. Bd2 Bc6 22. e4 Bb5 23. f4 Nc6 24. Kf2 f6 25. Ke3 Kf7 26. h4 Ke7 27. Bh3 Ba6 28. Bc1 Kd8 29.
Be6 Ke7 30. Bg8 h6 31. Bd5 Kd6 32. Bf7 Bc8 33. Bh5 Be6 34. f5 Bd7 35. Be2 Be8 36. g4 Ne7 37. Kf3 Bf7 38. Kf2 Ng8 39. g5 hxg5 40. hxg5 fxg5 41. Bxg5 Nf6 42. Ke3 Ke7 43. Bb5 Kd6 44. Ba6 Be8 45. Bd3 Bc6 46. Bh4 Be8 47. Be1 Bc6 48. a3 Be8 49. b4 Bc6 50. Kf3 Be8 51.
c4 Bc6 52. Bc3 Nd7 53. b5 Bb7 54. a4 Nf6 55. a5 Bc8 56. Bd2 Bb7 57. a6 Bc8 58.
Kg3 Bd7 59. Kh4 Be8 60. Bg5 Ke7 61. Be3 Bf7 62. Bxc5+ bxc5 63. b6 Nd7 64. bxa7 Nb6 65. Kg5 Na8 66. Be2 Nb6 67. Bd3 Kd6 68. Bc2 Ke7 69.
Ba4 Na8 70. Bc6 Nb6 71. a8=Q Nxa8 72. Bxa8 Bxc4 73. a7 1-0

[Event "Late-Titled-Tuesday-Blitz-November-28-2023"]
[Site "Chess.com"]
[Date "2023.11.28"]
[Round "1"]
[White "colegiodemadrid"]
[Black "Mykola-Bortnyk"]
[Result "0-1"]
[WhiteElo "2487"]
[BlackElo "3017"]
[TimeControl "180+1"]
[EndTime "14:08:58 PST"]
[Termination "Mykola-Bortnyk won by resignation"]

1. e4 Nf6 2. e5 Nd5 3. c4 Nb6 4. d4 d6 5. exd6 exd6 6. Nc3 Nc6 7. d5 Ne5 8. f4 Ng6 9. Be2 Bf5 10. Nf3 Be7 11.
Nd4 Bd7 12. O-O O-O 13. a4 a5 14. Be3 Bf6 15. Qd2 Re8 16. Ncb5 Bxb5 17. axb5 Qe7 18. Ra3 Nh4 19. g3 Bxd4 20. Bxd4 Qxe2 21. Qxe2 Rxe2 22.
gxh4 Nxc4 23. Rc3 Nd2 24. Rd1 h5 25. Rg3 g6 26. f5 Kh7 27. fxg6+ fxg6 28. Be3 Nc4 29. Bd4 Rae8 30. Rf1 Ne5 31. Bxe5 R8xe5 32. Rf7+ Kh6 33. Rf6 Re1+ 34. Kg2 Kh7 35. Rfxg6 Re7 36. R6g5 R1e5 37. b3 Rxg5 38. Rxg5 Kh6 39. Kf3 Re1 40. Rg8 Rc1 41. Ke4 Rc5 42. b6 cxb6 43. Rd8 Rb5 44. Rxd6+ Kg7 45. Rd7+ Kf6 46. Rxb7 Rb4+ 47.
Kd3 Rxb3+ 48. Kc4 Rb4+ 49. Kc3 Ke5 50. Rh7 Rxh4 51. Rh6 Kxd5 52. Rxb6 Rxh2 53. Rb5+ Ke4 54. Rxa5 h4 55. Ra8 Rg2 56. Re8+ Kf3 57. Kd3 h3 58.
Rf8+ Kg3 59. Ke3 Rg1 60. Rg8+ Kh2 61. Rh8 Rf1 62. Ke2 Rf7 63. Rh6 Kg2 64. Rg6+ Kh1 65. Rh6 Kh2 66. Ke1 Rf5 67. Ke2 Rf4 68. Rh7 Rf6 69.
Rh8 Rf7 70. Ke3 Kg3 71. Rg8+ Kh2 72. Rh8 Kg2 73. Rg8+ Kh1 74. Rh8 h2 75. Ke2 Rf6 76. Rh7 Rf4 77. Rh6 Kg2 78. Rg6+ Kh3 79. Rh6+ Kg3 80.
Rg6+ Rg4 81. Rh6 Rh4 82. Rg6+ Kf4 83. Rf6+ Ke5 84. Rh6 Rxh6 0-1

[Event "Late-Titled-Tuesday-Blitz-November-28-2023"]
[Site "Chess.com"]
[Date "2023.11.28"]
[Round "1"]
[White "temiksmozg"]
[Black "HanSchut"]
[Result "1/2-1/2"]
[WhiteElo "2590"]
[BlackElo "2281"]
[TimeControl "180+1"]
[EndTime "14:09:10 PST"]
[Termination "Game drawn by repetition"]

1. e4 c5 2. Nf3 d6 3. Bb5+ Bd7 4. Bxd7+ Qxd7 5. O-O Nf6 6. Re1 Nc6 7. c3 e6 8. d4 cxd4 9. cxd4 d5 10. e5 Ne4 11. Nbd2 Nxd2 12. Bxd2 Be7 13. Rc1 O-O 14. Qa4 Nxe5 15. Qxd7 Nxd7 16. Rc7 Rfd8 17. Rxb7 Bf6 18. Rc1 Nb6 19. Rcc7 Nc4 20. Bc3 a5 21. a4 Nd6 22.
Rb6 Ne4 23. Rb5 Nxc3 24. bxc3 Rdb8 25. Rxb8+ Rxb8 26. g4 h6 27. h4 g5 28. hxg5 hxg5 29.
Rc5 Rb3 30. Kf1 Ra3 31. Rxa5 Rxc3 32. Ke2 Ra3 33. Ra7 Kg7 34. a5 Ra2+ 35. Ke3 Ra3+ 36. Ke2 Ra2+ 37. Kf1 Ra4 38. a6 Bxd4 39. Rb7 Bf6 40.
a7 Ra2 41. Ke1 e5 42. Nd2 e4 43. Nb3 d4 44. Nc5 e3 45. fxe3 dxe3 46. Ne4 Bd4 47. Rd7 Bb6 48. a8=Q Rxa8 49. Nxg5 Ra4 50. Nxf7 Ra7 51.
Ne5+ Kf6 52. Rxa7 Bxa7 53. Nf3 Bb6 54. Ke2 Kg6 55. Kd3 Kf6 56. Ke2 Kg6 57. Ng1 Kg5 58.
Kf3 Bc5 59. Ne2 Bb6 60. Ng3 Ba7 61. Ne4+ Kg6 62. Nd6 Bc5 63. Nc4 Ba7 64. Ne5+ Kg5 65. Nf7+ Kg6 66. Nd6 Kg5 67. Ne4+ Kg6 68. Ng3 Kg5 69. Ne2 Bb6 70. Nc3 Ba7 71. Nd5 Bc5 72. Nf4 Kf6 73. Ke4 Bd6 74. Ne2 Kg5 75. Kf3 Bc5 76. Nc3 Ba7 77. Nd5 Bc5 78. Nf4 Ba7 79. Ne6+ Kf6 80. Nc7 Kg5 81. Nd5 1/2-1/2

[Event "Late-Titled-Tuesday-Blitz-November-28-2023"]
[Site "Chess.com"]
[Date "2023.11.28"]
[Round "1"]
[White "katharinareinecke"]
[Black "annazero"]
[Result "0-1"]
[WhiteElo "1999"]
[BlackElo "2517"]
[TimeControl "180+1"]
[EndTime "14:09:20 PST"]
[Termination "annazero won by checkmate"]

1. d4 g6 2. c4 Bg7 3. Nf3 d6 4. g3 Nf6 5. Bg2 O-O 6. O-O c6 7.
Nc3 Bf5 8. Nh4 Be6 9. b3 d5 10. cxd5 cxd5 11. Ba3 Nc6 12. e3 Rc8 13. Rc1 a5 14. f4 Nb4 15. Qd2 Qb6 16. f5 Bd7 17. fxg6 hxg6 18. Nf3 Bf5 19. Ne5 Ne4 20. Nxe4 Bxe4 21.
Nd7 Qb5 22. Nxf8 Rxf8 23. Bxb4 axb4 24. Rc5 Qa6 25. Bxe4 dxe4 26. Rfc1 b6 27. Rc7 e5 28. d5 Rd8 29. d6 b5 30. R7c6 Qa7 31. R1c2 Bh6 32. Kf2 Kh7 33. Rc7 Qb6 34. d7 Qf6+ 35. Ke1 Qf3 36. Qe2 Qf5 37. Rd2 Bg5 38. Qxb5 Bxe3 39.
Re2 Qf3 40. Rxe3 Qxe3+ 41. Qe2 Qg1+ 42. Kd2 Qd4+ 43. Ke1 Rxd7 44. Rxd7 Qxd7 45. Qxe4 Qd6 46. Ke2 Kg7 47. Qe3 Qd5 48. h4 e4 49. Kf2 Qe5 50. Kg2 Qb2+ 51. Kh3 Qe5 52. g4 Qd5 53. Qf4 Qd3+ 54.
Kh2 Qd4 55. g5 Qb2+ 56. Kh3 Qc3+ 57. Kg4 Qd4 58. Kh3 Qd3+ 59. Kg4 Qe2+ 60. Kh3 Qb2 61. Kg4 Qxa2 62. Qf6+ Kg8 63. Qd8+ Kh7 64. Qf6 Qg2+ 65. Kf4 Qf3+ 66. Ke5 Qxf6+ 67. Kxf6 e3 68. Kxf7 e2 69. h5 gxh5 70. g6+ Kh6 71. g7 e1=Q 72. g8=Q Qf2+ 73.
Ke8 Qe3+ 74. Kd7 Qh3+ 75. Kd6 Qd3+ 76. Kc6 Qc3+ 77. Kb5 Qe5+ 78. Kb6 Qf6+ 79. Kb5 Qg5+ 80. Kxb4 Qxg8 81. Kc5 Qb8 82. b4 h4 83. b5 h3 84.
b6 h2 85. Kc6 h1=Q+ 86. Kb5 Qc1 87.
Ka6 Qb1 88. b7 Q1xb7+ 89. Ka5 Qb5# 0-1

[Event "Late-Titled-Tuesday-Blitz-November-28-2023"]
[Site "Chess.com"]
[Date "2023.11.28"]
[Round "2"]
[White "Alexei_Gubajdullin"]
[Black "nicolochessit"]
[Result "1-0"]
[WhiteElo "2659"]
[BlackElo "2349"]
[TimeControl "180+1"]
[EndTime "14:11:19 PST"]
[Termination "Alexei_Gubajdullin won by resignation"]

1. d4 d5 2. Nf3 c6 3. Bf4 Nf6 4.
Nbd2 e6 5. e3 Bd6 6. Bxd6 Qxd6 7. c4 Nbd7 8. Qb3 O-O 9. Qa3 Qxa3 10. bxa3 Nb6 11. Rb1 Bd7 12. Ne5 Rab8 13. g4 Nxc4 14.
Ndxc4 dxc4 15. g5 1-0

[Event "Late-Titled-Tuesday-Blitz-November-28-2023"]
[Site "Chess.com"]
[Date "2023.11.28"]
[Round "2"]
[White "Jaka_Brilej"]
[Black "serena-maria"]
[Result "0-1"]
[WhiteElo "2458"]
[BlackElo "2287"]
[TimeControl "180+1"]
[EndTime "14:11:55 PST"]
[Termination "serena-maria won by checkmate"]

1. d4 Nf6 2. Nc3 g6 3. e4 d6 4. Nf3 Bg7 5. Be2 O-O 6. O-O Nc6 7. d5 Ne5 8. Nxe5 dxe5 9. Qd3 Nd7 10. Nd1 f5 11. f3 f4 12. b4 Nf6 13. c4 g5 14.
Nf2 h5 15. h3 Qe8 16. c5 Qg6 17. a4 g4 18. hxg4 hxg4 19. fxg4 Nxg4 20. Nxg4 Bxg4 21.
Bxg4 Qxg4 22. Ra3 Rf6 23. Qh3 Qg5 24. Rff3 Rg6 25. Qd7 Qxg2# 0-1

[Event "Late-Titled-Tuesday-Blitz-November-28-2023"]
[Site "Chess.com"]
[Date "2023.11.28"]
[Round "2"]
[White "miraitrunks"]
[Black "Kostukov_Alex"]
[Result "1-0"]
[WhiteElo "2047"]
[BlackElo "2382"]
[TimeControl "180+1"]
[EndTime "14:11:57 PST"]
[Termination "miraitrunks won by resignation"]

1. e4 c5 2. Nc3 g6 3. Nge2 Bg7 4. d3 Nc6 5. g3 e5 6. Bg2 Nge7 7.
O-O O-O 8. Be3 Nd4 9. f4 d6 10.
Qd2 Be6 11. Nd1 Qd7 12. c3 Nxe2+ 13. Qxe2 b6 14. f5 gxf5 15. exf5 Bxf5 16. Bxa8 Rxa8 17.
Bg5 Ng6 18. Qf3 1-0

[Event "Late-Titled-Tuesday-Blitz-November-28-2023"]
[Site "Chess.com"]
[Date "2023.11.28"]
[Round "2"]
[White "Bryanl106"]
[Black "PawnEatingZombie"]
[Result "1-0"]
[WhiteElo "2438"]
[BlackElo "2175"]
[TimeControl "180+1"]
[EndTime "14:12:39 PST"]
[Termination "Bryanl106 won by resignation"]

1. e4 e6 2. d4 d5 3. Nd2 c5 4.
exd5 Qxd5 5. dxc5 Nf6 6. Ngf3 Qxc5 7. Bd3 a6 8. O-O Qc7 9. c3 Bd6 10. Re1 O-O 11. Ne4 Be7 12. Bg5 Nbd7 13. Qc2 h6 14. Bh4 b6 15. Bg3 Qa7 16. Rad1 Bb7 17. Ne5 Rfd8 18.
Nxd7 Rxd7 19. Nxf6+ Bxf6 20. Bh7+ Kh8 21. Rxd7 1-0